 Dungeon Crawl Stone Soup version 0.28.0-1-gb440e238dd (webtiles) character file.

Game seed: 9709004733366052430

162 issech the Cudgeller (level 5, -4/53 HPs)
             Began as a Troll Monk on Feb 26, 2022.
             Slain by Menkaure (17 damage)
             ... on level 4 of the Dungeon.
             The game lasted 00:07:07 (2486 turns).

issech the Cudgeller (Troll Monk)                   Turns: 2486, Time: 00:07:08

Health: -4/53      AC:  5    Str: 19    XL:     5   Next: 19%
Magic:  4/4        EV: 10    Int:  6    God:
Gold:   100        SH:  0    Dex: 14    Spells: 4/4 levels left

rFire   . . .      SeeInvis .   m - +1 morningstar
rCold   . . .      Faith    .   (no shield)
rNeg    . . .      Spirit   .   b - +1 robe
rPois   .          Reflect  .   (helmet restricted)
rElec   .          Harm     .   (no cloak)
rCorr   .          Rampage  .   (gloves unavailable)
Will    .....                   (boots unavailable)
Stlth   ++........              (no amulet)
HPRegen 0.97/turn               (no ring)
MPRegen 0.09/turn               (no ring)

@: no status effects
A: large, unfitting armour, claws 3, regeneration 1, shaggy fur 1, tough skin 1
a: no special abilities


You were on level 4 of the Dungeon.
You visited 1 branch of the dungeon, and saw 4 of its levels.

You collected 100 gold pieces.

Inventory:

Hand Weapons
 a - a +0 mace
 c - a +0 flail
 m - a +1 morningstar (weapon)
Missiles
 e - 50 stones (quivered)
 i - 2 boomerangs
 o - 13 bolts
 q - 25 arrows
Armour
 b - a +1 robe (worn)
 d - a +0 robe of the Archmagi
Magical Staves
 f - a staff of cold
 u - a staff of conjuration
Jewellery
 x - a ring of poison resistance
Scrolls
 j - 2 scrolls of enchant weapon
 k - 2 scrolls of teleportation
 l - a scroll of noise {unknown}
 r - a scroll of fear {unknown}
 s - 4 scrolls of identify {unknown}
 v - a scroll of blinking {unknown}
 w - a scroll of torment {unknown}
Potions
 g - a potion of resistance {unknown}
 h - a potion of lignification {unknown}
 n - 2 potions of curing {unknown}
 p - a potion of haste
 t - a potion of might {unknown}


   Skills:
 + Level 3.2 Fighting
 + Level 4.2 Maces & Flails
 + Level 3.0 Dodging
 + Level 1.1 Stealth


You had 4 spell levels left.
You didn't know any spells.
Your spell library contained the following spells:

 Spells                   Type           Power      Damage    Failure   Level
 Airstrike                Air            0%         N/A       99%         4
 Summon Lightning Spire   Summ/Air       0%         N/A       99%         4
 Lightning Bolt           Conj/Air       0%         1d11      100%        5


Dungeon Overview and Level Annotations

Branches:
Dungeon (4/15)
 Temple: D:4-7

Altars:
Ru
Yredelemnul

Annotations:
D:4 Menkaure


Innate Abilities, Weirdness & Mutations

You are too large for most types of armour.
You have claws for hands.
Your natural rate of healing is unusually fast.
You are covered in fur. (AC +1)
You have tough skin. (AC +1)


Message History

s - 4 scrolls labelled VON ODUEKIPH (gained 2)
Found a twisted glowing staff.
u - a staff of conjuration You see here a +0 mace.
Found a scroll labelled BOSHRO TAINNI.
Found a scroll of teleportation.
Found a scroll labelled WYGUOL WUAPEO.
v - a scroll labelled BOSHRO TAINNI
w - a scroll labelled WYGUOL WUAPEO
k - 2 scrolls of teleportation (gained 1)
An orc comes into view. It is wielding a +0 club.
The orc shouts!
The orc closely misses you.
You puncture the orc!
You kill the orc!
Found a book of Storms.
You see here a +0 club.
You pick up a book of Storms and begin reading...
You add the spells Airstrike, Summon Lightning Spire and Lightning Bolt to your library.
A hobgoblin comes into view.
Found 16 stones.
The hobgoblin shouts!
You puncture the hobgoblin!
You kill the hobgoblin!
e - 50 stones (gained 16) Menkaure, Prince of Dust comes into view.
Menkaure shouts!
Menkaure casts a spell.
Menkaure seems to speed up.
Menkaure calls on the powers of darkness!
Your body is wracked with pain!
You see here a ring of poison resistance.
x - a ring of poison resistance Menkaure hits you!
You puncture Menkaure!
Menkaure is moderately damaged.
Menkaure hits you!
* * * LOW HITPOINT WARNING * * *
Menkaure hits you!
You die...

...# .#...#. #.. # .#$#.
....... .#.#. ..
.....##.....##.... ....
#....... .......# .... ..
#....#.###.#....#....#.###
#....?..........#.........
.....##.....##.......##....
.#.#......M....#.#.#.......
#.#.#..@#.#.#...#.#.#...
.....#.#.#...........#.#.
....##.......##.....##....#
... .....#...............#.
## .#....#....#.###.#....#.
#.....#...............#.
###.......##.....##....# ..
.#.#...........#.#.
#####.#.#...#.#.###.


You could see Menkaure (fast).

Vanquished Creatures
  An orc priest (D:3)
  2 orc wizards (D:3)
  2 adders
  A worm (D:3)
  6 orcs
  An endoplasm (D:2)
  A giant cockroach (D:1)
  8 goblins
  4 hobgoblins
  4 jackals (D:3)
  2 ball pythons
  7 bats
  5 frilled lizards
  4 kobolds
  8 rats
56 creatures vanquished.

Vanquished Creatures (others)
  An orc wizard (D:3)
  A withered plant (D:3)
2 creatures vanquished.

Grand Total: 58 creatures vanquished

Notes
Turn   | Place    | Note
-------+----------+-------------------------------------------
     0 | D:1      | issech the Troll Monk began the quest for the Orb.
     0 | D:1      | Reached XP level 1. HP: 22/22 MP: 0/0
   244 | D:1      | Reached skill level 3 in Maces & Flails
   244 | D:1      | Reached XP level 2. HP: 26/29 MP: 1/1
   891 | D:2      | Reached XP level 3. HP: 11/36 MP: 2/2
  1378 | D:2      | Found a sacrificial altar of Ru.
  1641 | D:3      | Reached XP level 4. HP: 28/44 MP: 3/3
  1692 | D:3      | Reached skill level 4 in Maces & Flails
  1789 | D:3      | Found a faded altar of an unknown god.
  1867 | D:3      | Reached XP level 5. HP: 52/53 MP: 4/4
  2172 | D:3      | Found a basalt altar of Yredelemnul.
  2478 | D:4      | Noticed Menkaure
  2486 | D:4      | Slain by Menkaure

Illustrated notes

Levels and vault maps discovered:
D:1:      lightli_arrival_farm, layout_rooms
D:2:      layout_basic, basic_altar
D:3:      layout_rooms, nicolae_overflow_crystal_walls,
          ebering_ecumenical_altar_petrified, minmay_misc_feat_iff
D:4:      nicolae_cairo_tiling_large_dashed, layout_basic,
          minmay_misc_feat_diagonals, chequers_serial_rivers_room_b, uniq_pikel,
          uniq_menkaure

Skill      XL: |  1  2  3  4 |
---------------+-------------+-----
Maces & Flails | 3 4 |  4.2
Fighting       | 3 |  3.2
Dodging        | 3 |  3.0
Stealth        | |  1.1

Action                   |  1- 3 |  4- 6 || total
-------------------------+-------+-------++-------
Melee: Mace              |    38 |       ||    38
       Morningstar       |    79 |   126 ||   205
       Punch             |     2 |       ||     2
  Use: Scroll            |     5 |       ||     5
Armor: Robe              |    70 |    76 ||   146
Dodge: Dodged            |    99 |    87 ||   186
